 Dungeon Crawl Stone Soup version 0.24-a0-539-g6aae15eeb0 (webtiles) character file.

Game seed: 12149701408190708035

12 Chiseanne the Magician (level 2, 19/19 HPs)
             Began as a Demonspawn Wizard on Aug 17, 2019.
             Quit the game on level 1 of the Dungeon.
             The game lasted 00:01:15 (869 turns).

Chiseanne the Magician (Demonspawn Wizard)           Turns: 869, Time: 00:01:16

Health: 19/19      AC:  2    Str:  7    XL:     2   Next: 20%
Magic:  6/6        EV: 12    Int: 19    God:
Gold:   56         SH:  0    Dex: 11    Spells: 6/7 levels left

rFire    . . .     SeeInvis .   j - +0 mace
rCold    . . .     Gourm    .   (no shield)
rNeg     . . .     Faith    .   a - +0 robe
rPois    .         Spirit   .   b - +0 hat
rElec    .         Reflect  .   (no cloak)
rCorr    .         Harm     .   (no gloves)
MR       .....                  (no boots)
Stlth    +++.......             (no amulet)
HPRegen  0.06/turn              (no ring)
MPRegen  0.10/turn              (no ring)

@: no status effects
A: nightstalker 1
a: no special abilities


You were on level 1 of the Dungeon.
You were not hungry.

You visited 1 branch of the dungeon, and saw 1 of its levels.

You collected 56 gold pieces.

Inventory:

Hand Weapons
 f - a +0 antimagic hand axe
 j - a +0 mace (weapon)
Missiles
 c - 49 stones (quivered)
 h - 23 bolts
Armour
 a - a +0 robe (worn)
 b - a +0 hat (worn)
Scrolls
 e - a scroll of remove curse {unknown}
 g - 2 scrolls of identify {unknown}
 k - a scroll of amnesia {unknown}
Potions
 i - a potion of curing {unknown}
 l - a potion of degeneration {unknown}
 m - a potion of haste {unknown}
Comestibles
 d - 3 rations


   Skills:
 - Level 1.7 Dodging
 - Level 1.7 Stealth
 * Level 3.3 Spellcasting
 * Level 1.7 Conjurations
   Level 1.0 Summonings
   Level 0.8 Translocations


You had 6 spell levels left.
You knew the following spells:

 Your Spells              Type           Power        Failure   Level  Hunger
a - Magic Dart            Conj           #...         8%          1    None

Your spell library contained the following spells:

 Spells                   Type           Power        Failure   Level  Hunger
 Call Imp                 Summ           #.......     14%         2    ##.....
 Blink                    Tloc           N/A          16%         2    ##.....
 Slow                     Hex            #.......     22%         2    ##.....
 Conjure Flame            Conj/Fire      #.......     30%         3    ###....
 Mephitic Cloud           Conj/Pois/Air  #.......     34%         3    ###....


Dungeon Overview and Level Annotations

Branches:
Dungeon (1/15)

Altars:


Innate Abilities, Weirdness & Mutations

You are slightly more attuned to the shadows.


Message History

The dart slug is almost dead.
Casting: Magic Dart (safe; 8% risk of failure)
Confirm with . or Enter, or press ? or * to list all spells.
Aiming: Magic Dart (safe; 8% risk of failure)
Press: ? - help, Shift-Dir - straight line, f/p - dart slug
Aim: a dart slug (almost dead)
You miscast Magic Dart.
Nothing appears to happen.
Casting: Magic Dart (safe; 8% risk of failure)
Confirm with . or Enter, or press ? or * to list all spells.
You don't have enough magic to cast that spell.
The dart slug bites you.
You hit the dart slug.
You kill the dart slug!
You see here a dart slug corpse.
Your magical contamination has completely faded away.
There is a stone staircase leading down here.
c - 49 stones (gained 12) Done exploring.
Done exploring.
Are you sure you want to abandon this character and quit the game? (Confirm with "yes".)

#.....#######....
#.....# #.......
#.....# ##.......
#.....# #........
#....####........
#....##.......###
#.....#..........
##.....#..........
#@................
##..........##....
#...#......##....
#...#......##....
#...#########....
##### #.... #....
##.## #.#


There were no monsters in sight!

Vanquished Creatures
  2 dart slugs (D:1)
  2 ball pythons (D:1)
  A bat (D:1)
  2 kobolds (D:1)
  2 rats (D:1)
9 creatures vanquished.

Notes
Turn   | Place    | Note
-------+----------+-------------------------------------------
     0 | D:1      | Chiseanne the Demonspawn Wizard began the quest for the
                  | Orb.
     0 | D:1      | Reached XP level 1. HP: 13/13 MP: 4/4
   472 | D:1      | Gained mutation: You are slightly more attuned to the
                  | shadows. [demonic ancestry]
   472 | D:1      | Reached XP level 2. HP: 15/19 MP: 0/6
   869 | D:1      | Quit the game

Levels and vault maps discovered:
D:1:      lightli_arrival_isolated_outpost, layout_basic, minmay_bisected

Action                   || total
-------------------------++-------
Melee: Dagger            ||    11
       Mace              ||     4
 Cast: Magic Dart        ||    22
Armor: Robe              ||    12
Dodge: Dodged            ||    14

Table legend:
 A = Non-vault XP
 B = Vault XP
 C = Vault XP percentage of total XP
 D = Non-vault monster count
 E = Vault monster count
 F = Vault count percentage of total count
                 A         B        C        D         E       F
            +---------+---------+-------+---------+---------+-------
      Total |      15 |       3 |  16.7 |       7 |       2 |  22.2
            +---------+---------+-------+---------+---------+-------
        D:1 |      15 |       3 |  16.7 |       7 |       2 |  22.2
            +---------+---------+-------+---------+---------+-------
